 Dungeon Crawl Stone Soup version 0.23.2 (webtiles) character file.

Game seed: 6974973844948038106

1032 Llamajah the Skirmisher (level 8, -5/62 HPs)
             Began as a Demonspawn Gladiator on June 12, 2019.
             Was a Follower of Okawaru.
             Slain by an orc warrior
             ... wielding a +0 scimitar
              (7 damage)
             ... on level 5 of the Dungeon.
             The game lasted 00:16:46 (5456 turns).

Llamajah the Skirmisher (Demonspawn Gladiator)      Turns: 5456, Time: 00:16:47

Health: -5/62      AC: 20    Str: 16    XL:     8   Next: 3%
Magic:  7/9        EV: 12    Int: 10    God:    Okawaru [*.....]
Gold:   164        SH:  0    Dex: 15    Spells: 7/7 levels left

rFire    . . .     SeeInvis .   t - +0 scimitar
rCold    . . .     Gourm    .   (no shield)
rNeg     + . .     Faith    .   z - +0 plate armour (curse)
rPois    .         Spirit   .   c - +0 helmet
rElec    .         Reflect  .   (no cloak)
rCorr    .         Harm     .   (no gloves)
MR       .....                  C - +1 pair of boots
Stlth    ..........             A - amulet of rage
HPRegen  0.20/turn              m - ring of positive energy
MPRegen  0.11/turn              B - +3 ring of protection

@: heroism
A: repulsion field 2, demonic guardian 1, powered by death 1
a: Heroism, Renounce Religion, Evoke Berserk Rage


You were on level 5 of the Dungeon.
You worshipped Okawaru.
Okawaru was aware of your devotion.
You were very hungry.

You visited 1 branch of the dungeon, and saw 6 of its levels.

You collected 164 gold pieces.

Inventory:

Hand Weapons
 a - a +0 long sword
 t - a +0 scimitar (weapon)
Missiles
 d - 3 throwing nets (quivered)
Armour
 b - a +0 leather armour
 c - a +0 helmet (worn)
 i - a +0 chain mail
 z - a cursed +0 plate armour (worn)
 C - a +1 pair of boots (worn)
Jewellery
 m - a ring of positive energy (left hand)
 A - an amulet of rage (around neck)
 B - a +3 ring of protection (right hand)
Wands
 h - a wand of random effects (17)
 o - a wand of iceblast (11)
 p - a wand of flame (25)
 u - a wand of polymorph (12)
Scrolls
 g - 3 scrolls of teleportation
 j - 4 scrolls of remove curse
 r - 2 scrolls of enchant armour
 s - 2 scrolls of enchant weapon
 y - a scroll of magic mapping {unknown}
 E - a scroll of holy word {unknown}
Potions
 e - 3 potions of curing
 k - 2 potions of lignification
 l - a potion of haste {unknown}
 n - 2 potions of mutation
 q - a potion of brilliance {unknown}
 v - a potion of experience {unknown}
 w - a potion of resistance {unknown}
 x - a potion of ambrosia {unknown}
Comestibles
 f - 10 rations


   Skills:
 * Level 5.2(10.2) Fighting
 * Level 5.1(10.1) Long Blades
 + Level 3.4(8.4) Throwing
 + Level 2.6(7.6) Armour
 + Level 4.0(9.0) Dodging
 + Level 2.1 Invocations
 + Level 1.4 Evocations


You had 7 spell levels left.
You didn't know any spells.
Your spell library contained the following spells:

 Spells                   Type           Power        Failure   Level  Hunger
 Animate Skeleton         Necr           N/A          100%        1    ##.....
 Apportation              Tloc           #.....       100%        1    ##.....
 Confusing Touch          Hex            #.....       100%        1    ##.....
 Summon Small Mammal      Summ           #...         100%        1    ##.....


Dungeon Overview and Level Annotations

Branches:
Dungeon (6/15)             Temple (0/1) D:4

Altars:
Ashenzari
Gozag
Hepliaklqana
Okawaru
Wu Jian


Innate Abilities, Weirdness & Mutations

You are surrounded by a moderate repulsion field. (EV +3)
A weak demonic guardian rushes to your aid.
You regenerate a little health from kills.


Message History

The orc warrior hits you with a +0 scimitar!
Your plate armour prevents you from hitting the orc warrior.
The orc warrior is almost dead.
The orc warrior hits you but does no damage.
A mysterious force pulls you upwards. The hatch slams shut behind you.
You hit the orc warrior.
The orc warrior is almost dead.
The orc warrior hits you with a +0 scimitar!!
* * * LOW HITPOINT WARNING * * *
You are feeling very hungry.
You closely miss the orc warrior.
The orc warrior is almost dead.
The orc warrior hits you with a +0 scimitar!
* * * LOW HITPOINT WARNING * * *
Your plate armour prevents you from hitting the orc warrior.
The orc warrior is almost dead.
The orc warrior hits you but does no damage.
You gain the combat prowess of a mighty hero.
The orc warrior hits you with a +0 scimitar!
You die...

#..#.# #.##.# .....####
#.##.# #.###...#############
#.##.#
...............).(.(###.##.#
.....)...##########(##...#.#
.........# #.##..##.#
..#.#...## ###.##..##.#
..#.##.##########o.........#
..#.##..........@.####.#####
###.############### #.# #
#.##################.# #
#....................# #
###################### #


You could see an orc warrior.

Vanquished Creatures
  Sigmund (D:3)
  Eustachio (D:5)
  A sky beast (D:5)
  A centaur (D:5)
  2 howler monkeys
  A jelly (D:5)
  An orc priest (D:4)
  An orc wizard (D:3)
  Jessica (D:2)
  Ijyb (D:3)
  Natasha (twice) (D:3)
  A hound zombie (D:4)
  A hound skeleton (D:4)
  8 gnolls
  6 adders
  3 shadow imps (D:5)
  4 worms
  2 dart slugs (D:2)
  5 leopard geckos
  4 orcs (D:3)
  2 ball pythons
  4 bats
  6 giant cockroaches
  5 goblins
  9 hobgoblins
  11 jackals
  5 kobolds
  2 quokkas
  5 frilled lizards
  A leopard gecko skeleton (D:4)
  3 rats
100 creatures vanquished.

Vanquished Creatures (collateral kills)
  A sky beast (D:6)
1 creature vanquished.

Grand Total: 101 creatures vanquished

Notes
Turn   | Place    | Note
-------+----------+-------------------------------------------
     0 | D:1      | Llamajah the Demonspawn Gladiator began the quest for the
                  | Orb.
     0 | D:1      | Reached XP level 1. HP: 16/16 MP: 1/1
   378 | D:1      | Gained mutation: You regenerate a little health from kills.
                  | [demonic ancestry]
   378 | D:1      | Reached XP level 2. HP: 22/22 MP: 2/2
   667 | D:1      | Found a shattered altar of Ashenzari.
  1122 | D:2      | Reached XP level 3. HP: 20/28 MP: 3/3
  1242 | D:2      | Found an iron altar of Okawaru.
  1242 | D:2      | Found an opulent altar of Gozag.
  1243 | D:2      | Found an ornate altar of the Wu Jian Council.
  1250 | D:2      | Became a worshipper of Warmaster Okawaru
  1272 | D:2      | Noticed Jessica
  1341 | D:3      | Noticed Ijyb
  1352 | D:3      | Killed Ijyb
  1352 | D:3      | Reached XP level 4. HP: 18/34 MP: 4/4
  1492 | D:3      | Reached skill level 1 in Armour
  1640 | D:3      | Noticed Natasha
  1656 | D:3      | Killed Natasha
  1656 | D:3      | Reached XP level 5. HP: 17/41 MP: 5/5
  1790 | D:3      | Found a hazy altar of Hepliaklqana.
  1822 | D:3      | Noticed Sigmund
  1826 | D:3      | Killed Sigmund
  1826 | D:3      | Reached * piety under Okawaru
  1826 | D:3      | Gained mutation: A weak demonic guardian rushes to your
                  | aid. [demonic ancestry]
  1826 | D:3      | Reached XP level 6. HP: 44/48 MP: 6/6
  1851 | D:3      | Noticed Natasha
  1858 | D:3      | Killed Natasha
  3477 | D:2      | Killed Jessica
  3737 | D:4      | Found a staircase to the Ecumenical Temple.
  3739 | D:4      | Gained mutation: You are surrounded by a mild repulsion
                  | field. (EV +2) [demonic ancestry]
  3739 | D:4      | Reached XP level 7. HP: 54/55 MP: 7/7
  4493 | D:5      | Entered Level 5 of the Dungeon
  4690 | D:5      | Reached skill level 1 in Invocations
  4892 | D:5      | Noticed Eustachio
  4916 | D:5      | Killed Eustachio
  4916 | D:5      | Reached skill level 5 in Fighting
  4916 | D:5      | Reached skill level 1 in Evocations
  5124 | D:5      | Reached skill level 5 in Long Blades
  5284 | D:6      | Gained mutation: You are surrounded by a moderate repulsion
                  | field. (EV +3) [demonic ancestry]
  5284 | D:6      | Reached XP level 8. HP: 62/62 MP: 9/9
  5454 | D:5      | HP: 2/62 [orc warrior/+0 scimitar (8)]
  5456 | D:5      | Slain by an orc warrior

Skill      XL: |  1  2  3  4  5  6  7 |
---------------+----------------------+-----
Long Blades    | 3 4 5 |  5.1
Throwing       | 2 3 |  3.4
Dodging        | 3 4 |  4.0
Fighting       | 3 4 5 |  5.2
Armour         | 1 2 |  2.6
Invocations    | 2 |  2.1
Evocations     | 1 |  1.4

Action                   |  1- 3 |  4- 6 |  7- 9 || total
-------------------------+-------+-------+-------++-------
Melee: Long sword        |    87 |    31 |       ||   118
       Scimitar          |       |   116 |   132 ||   248
Throw: Throwing net      |     1 |       |       ||     1
Invok: Heroism           |       |     1 |     2 ||     3
Evoke: Wand              |       |     4 |       ||     4
  Use: Scroll            |       |       |     9 ||     9
 Stab: Sleeping          |     1 |       |       ||     1
  Eat: Chunk             |     2 |     7 |     5 ||    14
Armor: Leather armour    |    31 |    33 |     8 ||    72
       Plate armour      |       |       |    61 ||    61
Dodge: Dodged            |    78 |   113 |    53 ||   244
       Rpst.: Long sword |    33 |     8 |       ||    41
       Scimitar          |       |    23 |    12 ||    35
